Map: Acropolis LE

Players

Mez - Winner!

  • Race: Terran Terran
  • League: Master
  • Spawn Location: 5:00

DiViNe

  • Race: Protoss Protoss
  • League: Master
  • Spawn Location: 11:00

VOD

Have the link to the VOD?

Description

Time

  • Played on: Aug. 11, 2019, 8:11 a.m.
  • Length: 24:40
Show
View Real Time Build Order
Export as new Build Order

Mez Terran - Winner!

Build Orders: Reaper Expand 

Get SALT Encoding   

  12  0:00  SCV  
  13  0:13  SCV  
  14  0:17  Supply Depot  
  14  0:25  SCV  
  15  0:38  SCV  
  15  0:40  Barracks  
  16  0:45  Refinery  
  16  0:50  SCV  
  17  1:02  SCV  
  18  1:15  SCV  
  19  1:28  Reaper, Orbital Command  
  20  1:47  Command Center  
  20  1:54  SCV  
  20  1:58  Bunker  
  20  1:59  Supply Depot  
  21  2:02  Barracks Reactor  
  22  2:08  SCV  
  22  2:22  SCV  
  23  2:29  Command Center  
  23  2:35  SCV  
  24  2:41  Marine x2  
  26  2:44  Factory  
  26  2:51  SCV  
  27  2:59  Orbital Command  
  27  3:03  Refinery, Marine  
  28  3:17  SCV, Marine  
  30  3:21  Marine  
  31  3:29  SCV x2  
  31  3:31  Widow Mine  
  31  3:33  Starport  
  35  3:39  Marine  
  35  3:40  Marine  
  35  3:41  SCV x2  
  39  3:43  Orbital Command  
  39  3:53  SCV  
  41  3:55  SCV  
  41  4:02  Marine  
  41  4:03  Marine  
  41  4:04  Widow Mine  
  41  4:05  SCV  
  41  4:09  SCV x2  
  48  4:15  Starport Tech Lab  
  48  4:20  Supply Depot  
  48  4:21  SCV x2  
  48  4:22  SCV  
  51  4:24  Marine x2  
  51  4:30  Factory Tech Lab  
  53  4:37  SCV x3  
  56  4:40  Raven  
  58  4:45  Barracks  
  58  4:53  SCV x2  
  58  4:54  Marine x2  
  58  4:56  Siege Tank  
  65  5:00  Supply Depot  
  65  5:01  SCV  
  65  5:02  Barracks  
  65  5:03  Engineering Bay x2  
  65  5:05  Refinery, SCV  
  65  5:06  Refinery  
  67  5:09  SCV  
  69  5:16  Marine  
  69  5:21  Marine  
  69  5:22  SCV x2  
  69  5:25  Orbital Command  
  69  5:26  Supply Depot  
  72  5:30  Supply Depot  
  72  5:31  Terran Infantry Armor Level 1, Terran Infantry Weapons Level 1  
  72  5:34  SCV x2  
  74  5:43  Stimpack  
  74  5:46  SCV x2  
  76  5:50  SCV  
  75  5:58  SCV x2  
  75  6:00  Starport Reactor  
  75  6:01  Factory Reactor  
  75  6:03  SCV  
  77  6:09  Supply Depot  
  77  6:10  SCV x2, Supply Depot  
  79  6:15  SCV  
  80  6:22  Bunker, SCV x2  
  80  6:23  Supply Depot  
  80  6:24  Supply Depot  
  82  6:27  SCV  
  82  6:28  Marine x2, Marauder x2, Barracks  
  82  6:30  Barracks  
  89  6:38  SCV  
  89  6:39  SCV x2  
  92  6:43  Widow Mine x2, Medivac x2  
  92  6:45  Marine  
  101  6:51  SCV x3  
  101  6:54  Refinery  
  104  6:55  Refinery  
  104  6:58  Marine, Marauder x2  
  104  6:59  Combat Shield  
  109  7:03  SCV x3, Marine  
  113  7:13  Widow Mine x2  
  113  7:15  SCV x2  
  119  7:17  Armory  
  119  7:24  Supply Depot  
  119  7:25  Command Center  
  119  7:26  Supply Depot  
  119  7:29  SCV x3, Supply Depot  
  122  7:31  Barracks Reactor, Supply Depot, Marine, Marauder, Barracks Tech Lab  
  125  7:43  Marine  
  125  7:44  Widow Mine x2  
  133  7:48  Marauder  
  133  7:50  Medivac x2  
  136  7:52  Marauder  
  136  7:55  Marine, Barracks x2, Ghost Academy  
  136  7:56  Marauder, Barracks  
  141  8:01  Marine  
  142  8:07  Supply Depot  
  142  8:09  Marine, Supply Depot  
  143  8:13  Marine  
  143  8:16  Marine x3  
  143  8:17  Marauder  
  143  8:18  Widow Mine  
  143  8:19  Widow Mine  
  71  8:20  Medivac x2  
  159  8:30  Missile Turret  
  159  8:31  Missile Turret  
  161  8:36  Missile Turret x2  
  161  8:40  Marine x3  
  164  8:41  Ghost x3  
  166  8:55  Barracks Reactor  
  143  8:56  Barracks Reactor  
  143  8:58  Barracks Tech Lab  
  143  8:59  Marine x4, Barracks Tech Lab  
  143  9:10  Marauder  
  143  9:11  Command Center, Marauder x2  
  143  9:17  Marine x2  
  149  9:18  Ghost  
  149  9:19  Ghost  
  149  9:20  Refinery  
  149  9:22  Medivac x2  
  159  9:30  Starport  
  159  9:31  Ghost  
  159  9:33  Refinery  
  159  9:36  Planetary Fortress  
  160  9:51  Marine x4  
  172  9:56  Terran Infantry Armor Level 2, Terran Infantry Weapons Level 2  
  172  9:57  Marine x6  
  170  10:00  Marine  
  170  10:01  SCV x2  
  170  10:02  SCV  
  174  10:08  Starport Tech Lab  
  174  10:09  Marine x2  
  174  10:10  Medivac  
  174  10:12  Fusion Core  
  174  10:13  SCV  
  174  10:14  SCV  
  180  10:27  SCV x3, Orbital Command  
  166  10:34  Missile Turret  
  166  10:35  Missile Turret  
  166  10:36  Missile Turret  
  166  10:39  Ghost x3  
  166  10:40  Marine x2  
  166  10:41  Marine x4, Marauder x2  
  182  10:43  Liberator x3  
  182  10:58  Marine x2  
  182  10:59  Command Center  
  182  11:02  Marauder  
  195  11:13  Missile Turret  
  195  11:26  Liberator x2  
  195  11:31  Advanced Ballistics  
  195  11:35  Terran Ship Weapons Level 1  
  194  11:46  Liberator  
  199  11:48  Command Center  
  199  11:53  Command Center  
  197  12:09  Liberator  
  200  12:34  Command Center  
  198  12:42  Terran Infantry Armor Level 3, Terran Infantry Weapons Level 3  
  188  13:04  Planetary Fortress  
  187  13:08  Orbital Command x2  
  187  13:25  Missile Turret  
  187  13:32  Missile Turret  
  187  13:34  Missile Turret  
  187  13:39  Liberator x2  
  187  13:40  Liberator  
  184  13:45  Terran Ship Weapons Level 2  
  184  13:48  Starport x2  
  184  13:49  Starport  
  181  13:57  Refinery  
  190  14:05  Orbital Command  
  190  14:09  Refinery  
  189  14:42  Starport Tech Lab x3  
  198  14:46  Ghost  
  197  15:03  Missile Turret  
  197  15:06  Missile Turret  
  197  15:12  Viking x6  
  156  16:18  Marine  
  156  16:19  Marine x4  
  156  16:23  Battlecruiser x4  
  156  16:24  Viking x2  
  180  16:41  Ghost x4  
  180  16:42  Ghost, Marine  
  180  16:43  Marine x2  
  193  16:54  Viking  
  166  17:10  Marauder  
  166  17:11  Marauder  
  166  17:13  Neosteel Armor  
  166  17:15  Terran Ship Weapons Level 3  
  170  17:17  Armory  
  170  17:27  Battlecruiser x2  
  181  17:32  Ghost x3  
  181  17:34  Battlecruiser x2  
  197  18:09  Personal Cloaking  
  197  18:19  Command Center  
  195  18:34  Command Center  
  195  18:40  Command Center  
  189  19:14  Marine x2, Marauder x5  
  199  19:22  Terran Vehicle And Ship Armor Level 1  
  199  19:25  Weapon Refit  
  199  19:35  Nuke  
  171  20:45  Battlecruiser x4, Ghost x2  
  193  21:16  Ghost x2  
  193  21:17  Viking  
  199  21:36  SCV  
  199  21:37  Planetary Fortress  
  200  21:42  Missile Turret  
  200  21:44  Missile Turret  
  200  21:45  Missile Turret x2  
  200  21:46  Missile Turret  
  200  21:56  Missile Turret  
  200  21:57  Missile Turret  
  200  22:04  Missile Turret  
  200  22:05  Missile Turret  
  200  22:09  Refinery  
  200  22:10  Missile Turret x2, Refinery  
  200  22:13  Missile Turret x2, Planetary Fortress  
  168  22:52  Marine x6, Marauder x2  
  166  23:17  Marine, Marauder  
  166  23:18  Ghost x4  
  175  23:53  Viking x3  
  175  24:02  Orbital Command  
Show
View Real Time Build Order
Export as new Build Order

DiViNe Protoss 

Build Orders: 1 Gate Expand, Chargelot Immortal 

Get SALT Encoding   

  12  0:01  Probe  
  13  0:13  Probe  
  14  0:17  Pylon  
  14  0:24  Probe  
  15  0:32  Probe  
  15  0:38  Gateway  
  15  0:40  Probe  
  16  0:46  Assimilator  
  17  0:51  Probe  
  18  1:03  Probe  
  19  1:15  Probe  
  20  1:23  Nexus  
  20  1:34  Cybernetics Core  
  20  1:36  Probe  
  21  1:48  Probe  
  21  1:52  Assimilator  
  21  1:53  Pylon  
  22  2:02  Adept, Probe  
  23  2:12  Warp Gate  
  23  2:14  Probe  
  26  2:25  Pylon  
  26  2:26  Probe  
  27  2:33  Twilight Council  
  27  2:36  Probe  
  28  2:38  Probe  
  29  2:47  Robotics Facility  
  29  2:48  Probe  
  30  2:51  Probe  
  31  3:00  Probe  
  31  3:03  Probe  
  33  3:07  Charge  
  33  3:13  Probe  
  34  3:22  Gateway x2  
  34  3:23  Probe  
  35  3:30  Probe  
  36  3:35  Probe  
  36  3:38  Pylon, Warp Prism  
  37  3:42  Probe  
  37  3:47  Probe  
  39  3:54  Probe  
  40  3:59  Probe  
  40  4:00  Stalker  
  42  4:11  Probe  
  42  4:15  Observer  
  44  4:24  Probe  
  44  4:27  Probe  
  46  4:33  Nexus  
  46  4:34  Stalker x3  
  46  4:36  Probe, Observer, Pylon  
  54  4:41  Assimilator  
  54  4:44  Assimilator, Probe  
  54  4:58  Probe  
  55  5:01  Probe  
  55  5:06  Blink  
  56  5:07  Observer  
  56  5:10  Probe  
  58  5:15  Probe  
  58  5:20  Observer  
  59  5:22  Probe  
  59  5:28  Gateway  
  60  5:29  Gateway  
  60  5:30  Probe, Gateway  
  60  5:31  Gateway  
  60  5:33  Zealot x3  
  60  5:34  Probe, Pylon  
  69  5:42  Probe  
  69  5:46  Probe  
  70  5:55  Probe  
  71  5:58  Probe  
  71  6:03  Probe  
  73  6:05  Pylon  
  73  6:07  Probe  
  73  6:10  Probe  
  75  6:13  Immortal, Templar Archives  
  75  6:15  Probe  
  80  6:19  Probe  
  80  6:24  Zealot x4  
  89  6:35  Probe  
  89  6:36  Probe  
  89  6:37  Probe  
  92  6:40  Pylon  
  92  6:44  Forge  
  92  6:47  Probe  
  92  6:48  Forge  
  92  6:49  Pylon  
  92  6:52  Assimilator  
  92  6:54  Assimilator  
  93  6:56  Immortal  
  93  6:57  Psionic Storm  
  93  7:03  Pylon  
  93  7:05  Probe  
  93  7:06  Protoss Ground Weapons Level 1  
  93  7:08  Protoss Ground Armor Level 1  
  98  7:11  Sentry  
  98  7:12  Sentry x2  
  98  7:13  Sentry  
  98  7:14  Zealot, High Templar  
  98  7:15  High Templar  
  112  7:16  Probe  
  112  7:17  Probe x2  
  115  7:24  Shield Battery  
  115  7:34  Pylon  
  115  7:37  Pylon  
  115  7:39  Pylon  
  115  7:49  High Templar x2  
  115  7:50  Zealot x3  
  125  7:54  Zealot  
  125  7:55  Zealot  
  125  7:58  Pylon  
  129  8:01  Observer  
  130  8:11  Stalker x3  
  136  8:15  Nexus  
  136  8:17  Pylon  
  136  8:18  Shield Battery  
  136  8:45  Zealot x4, Protoss Ground Armor Level 2  
  136  8:46  Zealot x3, Protoss Ground Weapons Level 2  
  137  9:07  Probe x2  
  137  9:08  Probe  
  140  9:19  High Templar  
  140  9:20  High Templar  
  140  9:21  High Templar x2  
  148  9:25  Immortal  
  152  9:32  Stargate  
  152  9:34  High Templar, Robotics Bay  
  152  9:35  Robotics Facility  
  152  9:37  Pylon  
  152  9:38  High Templar  
  156  9:39  Probe, Pylon  
  156  9:44  Gateway  
  155  9:46  Gateway  
  155  9:47  Gateway  
  155  9:50  Gateway  
  155  9:53  Pylon  
  155  9:59  Immortal  
  155  10:13  Pylon  
  159  10:14  Dark Shrine  
  159  10:29  High Templar x2  
  163  10:37  Assimilator  
  163  10:42  Shield Battery  
  163  10:46  Assimilator  
  163  10:49  Protoss Ground Weapons Level 3  
  163  11:01  Protoss Ground Armor Level 3  
  163  11:03  Pylon  
  163  11:12  Pylon  
  163  11:16  Colossus  
  163  11:18  Fleet Beacon  
  163  11:21  Stargate  
  163  11:23  Stargate  
  163  11:31  Zealot x2  
  163  11:32  Zealot x5, Extended Thermal Lance, Colossus  
  181  11:33  Zealot x3  
  181  11:34  Zealot  
  173  12:05  Colossus  
  173  12:06  Dark Templar x2  
  175  12:33  Warp Prism  
  161  13:07  Observer  
  159  13:27  Protoss Shields Level 1  
  158  13:38  Stalker x2  
  158  13:39  Stalker  
  164  13:42  Void Ray x2  
  164  13:44  Nexus  
  164  13:46  Pylon  
  164  13:48  Pylon  
  172  13:49  Void Ray  
  172  13:51  Pylon  
  176  14:02  Probe x2  
  178  14:03  Probe  
  179  14:12  Shield Battery  
  179  14:15  Photon Cannon, Void Ray  
  179  14:17  Photon Cannon  
  179  14:20  Photon Cannon  
  179  14:25  Mothership  
  179  14:29  Carrier  
  183  14:32  Protoss Air Weapons Level 1  
  155  16:18  Stalker x2, Zealot  
  109  16:19  Zealot, Dark Templar x3  
  109  16:20  Zealot x4  
  114  16:26  Void Ray x3  
  114  16:28  Colossus  
  114  16:29  Colossus  
  114  16:42  Stalker x3  
  114  16:43  Stalker x5  
  115  17:22  Zealot x2, Nexus  
  117  17:23  Zealot x4  
  117  17:24  Zealot x3  
  117  17:25  Zealot  
  135  17:34  Carrier x3  
  135  17:40  Protoss Shields Level 2  
  151  17:53  Colossus x2  
  151  17:56  High Templar x2, Protoss Air Weapons Level 2  
  167  18:00  Assimilator  
  167  18:04  Assimilator  
  167  18:06  Pylon  
  167  18:13  Pylon  
  165  18:50  Zealot x6  
  165  18:51  Zealot x5  
  181  19:25  Zealot x2, Dark Templar x3  
  181  19:26  Zealot x2  
  181  19:27  Zealot x2  
  167  19:52  Stalker x7  
  169  19:53  Stalker  
  169  19:56  Void Ray  
  135  20:23  Dark Templar x2  
  135  20:24  Dark Templar x2  
  135  20:26  Stalker x2, Zealot  
  135  20:27  Zealot x2  
  153  20:29  Archon x2  
  135  21:26  Pylon  
  135  21:39  Nexus  
  133  21:40  Pylon  
  133  21:42  Observer x2  
  133  21:43  Pylon  
  130  22:00  Photon Cannon  
  126  22:03  Pylon  
  126  22:04  Zealot x3  
  126  22:05  Zealot x4  
  126  22:06  Dark Templar x4  
  148  22:26  Photon Cannon  
  148  22:29  Photon Cannon  
  104  22:53  Stalker x6  
  104  22:54  Zealot, Dark Templar x2  
  104  22:55  Zealot x2  
  116  23:00  Archon  
  116  23:02  Archon  
  56  23:24  Stalker x5  
  56  23:25  Stalker x4  
  74  23:37  Stalker x2  
  76  23:51  Dark Templar x3  
  76  23:53  Zealot x2  
  76  23:55  Zealot x3  
  92  23:57  Archon  
  90  24:05  Assimilator  
  90  24:09  Stalker x2, Assimilator  
  92  24:23  Stalker  
  94  24:24  Zealot x3  
  94  24:25  Zealot  
Tags
 
Add a new tag
Caveats
  • Supply blocks, unpowered buildings, or Contaminate may cause inaccurate times.
  • Supply counts are checked every 10 seconds.